 Dungeon Crawl Stone Soup version 0.14-a0-1192-g192f278 (webtiles) character file.

2814 PolkaDot the Conjurer (level 9, -2/57 HPs)
             Began as a Vampire Conjurer on Nov 30, 2013.
             Was a Follower of Vehumet.
             Slain by a yak (7 damage)
             ... on Level 7 of the Dungeon.
             The game lasted 00:39:22 (6816 turns).

PolkaDot the Conjurer (Vampire Conjurer)            Turns: 6816, Time: 00:39:23

HP  -2/57        AC  8     Str  7      XL: 9   Next: 28%
MP   3/23        EV 12     Int 25      God: Vehumet [*.....]
Gold 312         SH  0     Dex 14      Spells:  4 memorised,  2 levels left

rFire  . . .     SeeInvis +     p - +0 elf short sword (vamp) (curse)
rCold  . . .     Clarity  .     q - +2 robe {MR+}
rNeg   + . .     Conserve .     (no shield)
rPois  .         rCorr    .     (no helmet)
rElec  .         rRot     .     f - +2 cloak
SustAb . .       Spirit   .     y - +0 pair of gauntlets
rMut   +         Warding  .     (no boots)
Saprov . . .     Stasis   .     H - amulet of resist mutation
                                m - ring of sustenance
                                j - ring of magical power

@: brilliant, quite resistant to hostile enchantments, stealthy
A: bottle blood, fangs 3, see invisible, unbreathing
a: Bat Form, Bottle Blood, Renounce Religion


You were on level 7 of the Dungeon.
You worshipped Vehumet.
Vehumet was aware of your devotion.
You were not thirsty.

You visited 2 branches of the dungeon, and saw 8 of its levels.
You also visited: Ossuary.

You collected 312 gold pieces.

Inventory:

Hand weapons
 p - a cursed +0,+0 elven vampiric short sword (weapon)
Armour
 f - a +2 cloak (worn)
 q - a +2 robe of magic resistance (worn)
 y - a +0 pair of gauntlets (worn)
 A - a cursed +0 buckler
Magical devices
 b - a wand of slowing (7)
 e - a wand of fireball (1)
 v - a wand of disintegration (21)
 z - a wand of polymorph (11)
 G - a wand of flame (7)
 I - a wand of random effects (2)
Scrolls
 g - 2 scrolls of amnesia
 l - 2 scrolls of enchant weapon II
 n - 4 scrolls of fear
 s - 4 scrolls of remove curse
 t - 6 scrolls of teleportation
Jewellery
 i - an uncursed ring of flight
 j - a ring of magical power (left hand)
 k - a +3 ring of evasion
 m - a ring of sustenance (right hand)
 r - an uncursed ring of sustain abilities
 u - an uncursed ring of poison resistance
 x - an uncursed ring of protection from magic {unknown}
 B - an uncursed ring of positive energy {unknown}
 H - an amulet of resist mutation (around neck)
Potions
 a - 2 potions of heal wounds
 o - 2 potions of curing
 w - a potion of resistance
 D - 2 potions of confusion
 J - a potion of degeneration
 L - 2 potions of berserk rage
 N - a potion of agility
 O - a potion of restore abilities {unknown}
Books
 c - a book of Conjurations

   Spells                             Type                      Level
   *Magic Dart                        Conjuration                  1
   *Searing Ray                       Conjuration                  2
   Dazzling Spray                     Conjuration/Hexes            3
   *Iskenderun's Mystic Blast         Conjuration                  4
   Iskenderun's Battlesphere          Conjuration/Charms           4
   Fulminant Prism                    Conjuration/Hexes            5
 h - a book of Death

   Spells                             Type                      Level
   Corpse Rot                         Necromancy                   2
   Sublimation of Blood               Necromancy                   2
   Agony                              Necromancy                   5
   Dispel Undead                      Necromancy                   5
   Excruciating Wounds                Charms/Necromancy            5
   Bolt of Draining                   Conjuration/Necromancy       5
 E - a book of Frost

   Spells                             Type                      Level
   Freeze                             Ice                          1
   Throw Frost                        Conjuration/Ice              2
   Ozocubu's Armour                   Charms/Ice                   3
   Throw Icicle                       Conjuration/Ice              4
   Summon Ice Beast                   Ice/Summoning                4
   Condensation Shield                Ice                          4
 K - a book of the Earth

   Spells                             Type                      Level
   Dig                                Earth                        4
   Leda's Liquefaction                Hexes/Earth                  4
   Bolt of Magma                      Conjuration/Fire/Earth       5
   Statue Form                        Transmutation/Earth          6
   Iron Shot                          Conjuration/Earth            6
   Shatter                            Earth                        9


   Skills:
 - Level 2.1 Dodging
 - Level 3.0 Stealth
 - Level 1.0 Spellcasting
 * Level 9.9 Conjurations
 + Level 2.9 Air Magic


You had 2 spell levels left.
You knew the following spells:

 Your Spells              Type           Power        Failure   Level  Hunger
a - Magic Dart            Conj           ####         1%          1    ##.....
d - Iskenderun's Mystic   Conj           ######..     1%          4    #####..
s - Searing Ray           Conj           ######       1%          2    ###....
A - Shock                 Conj/Air       ####         1%          1    ##.....


Dungeon Overview and Level Annotations

Branches:
Dungeon (7/16)             Temple (1/1) D:7

Altars:
Ashenzari
Cheibriados
Elyvilon
Fedhas
Kikubaaqudgha
Makhleb
Nemelex Xobeh
Okawaru
Sif Muna
Trog
Vehumet
Xom
Yredelemnul
Zin
the Shining One


Innate Abilities, Weirdness & Mutations

You can bottle blood from corpses.
You have razor-sharp teeth.*
You have supernaturally acute eyesight.
You can survive without breathing.*


Message History

Press: ? - help, Shift-Dir - straight line, f - yak
Aim: a yak (moderately wounded)
The searing ray hits the yak.
The yak is moderately wounded.
The yak gores you!
* * * LOW HITPOINT WARNING * * *
The searing ray hits the yak.
The yak is moderately wounded.
The yak gores you!
* * * LOW HITPOINT WARNING * * *
Casting: Searing Ray
Confirm with . or Enter, or press ? or * to list all spells.
Aiming: Iskenderun's Mystic Blast
Press: ? - help, Shift-Dir - straight line, f/p - yak
Aim: a yak (moderately wounded)
The orb of energy hits the yak.
The yak is almost dead.
* * * LOW MAGIC WARNING * * *
The yak gores you!
You die...

#...... ##############......
#...................
#.#############..... #.# #.....
###.### #..... ###'### #.....
########⌠.⌠####### #.....
#......+.>.@Y....# ####.....
#.######⌠.⌠#####.# #........
##.## ###'### #.###........ #...#
###.### #..>......... #...# #.#
#Y...##...... #...##
###.#######Y..###..... #####....#
#............## #.....
...##.(..###....<.......####.....
.........(#....###.........#.....


You could see a yak.

Vanquished Creatures
  5 yaks (D:7)
  Eustachio (D:4)
  Edmund (D:4)
  2 centaurs (D:7)
  2 ogres
  Sigmund (D:4)
  A phantom (D:5)
  A giant frog (D:6)
  2 goliath beetles (D:7)
  A centaur zombie (Ossuary)
  2 crimson imps (D:5)
  An iguana (D:7)
  A human zombie (Ossuary)
  A centaur skeleton (D:7)
  A jelly (D:7)
  2 orc wizards (D:5)
  2 orc priests (D:5)
  A giant frog skeleton (D:7)
  7 scorpions
  A hound (D:4)
  3 worker ants
  Jessica (D:2)
  2 big kobold zombies (Ossuary)
  A big kobold skeleton (D:7)
  Terence (D:2)
  2 mummies (Ossuary)
  3 adders
  5 gnolls
  2 worms
  An ufetubus (D:4)
  5 scorpion zombies (Ossuary)
  A giant eyeball (D:7)
  5 giant geckos
  6 orcs
  6 giant cockroaches
  2 gnoll zombies (Ossuary)
  5 goblins
  12 hobgoblins
  7 jackals
  13 kobolds
  5 quokkas
  A ball python (D:1)
  A ball python skeleton (D:4)
  7 bats
  4 giant newts
  A goblin zombie (Ossuary)
  A hobgoblin skeleton (D:7)
  A hobgoblin zombie (Ossuary)
  4 kobold zombies
  3 orc zombies (Ossuary)
  A quokka skeleton (D:6)
  9 rats
157 creatures vanquished.

Vanquished Creatures (others)
  A mummy (Ossuary)
  An orc zombie (Ossuary)
2 creatures vanquished.

Grand Total: 159 creatures vanquished

Notes
Turn   | Place    | Note
--------------------------------------------------------------
     0 | D:1      | PolkaDot, the Vampire Conjurer, began the quest for the Orb.
     0 | D:1      | Reached XP level 1. HP: 13/13 MP: 4/4
   429 | D:1      | Reached XP level 2. HP: 19/19 MP: 2/5
   654 | D:1      | Learned a level 2 spell: Searing Ray
  1250 | D:2      | Reached XP level 3. HP: 18/24 MP: 5/6
  1473 | D:2      | Noticed Jessica
  1491 | D:2      | Killed Jessica
  1491 | D:2      | Reached skill level 4 in Conjurations
  1630 | D:2      | Noticed Terence
  1646 | D:2      | Reached XP level 4. HP: 30/30 MP: 8/8
  1659 | D:2      | Killed Terence
  2781 | D:4      | Noticed Eustachio
  2983 | D:4      | Reached XP level 5. HP: 31/35 MP: 9/9
  2991 | D:4      | Noticed Sigmund
  2999 | D:4      | Killed Sigmund
  2999 | D:4      | Reached skill level 5 in Conjurations
  3012 | D:4      | Noticed Edmund
  3093 | D:4      | Killed Edmund
  3093 | D:4      | Reached XP level 6. HP: 22/41 MP: 8/10
  3254 | D:4      | Reached skill level 6 in Conjurations
  3574 | D:4      | Killed Eustachio
  3574 | D:4      | Reached XP level 7. HP: 33/46 MP: 11/11
  3594 | D:5      | Entered Level 5 of the Dungeon
  3696 | D:5      | Found a basalt altar of Yredelemnul.
  3696 | D:5      | Found a blossoming altar of Fedhas.
  3697 | D:5      | Found a snail-covered altar of Cheibriados.
  3916 | D:5      | Reached skill level 7 in Conjurations
  4047 | D:5      | Found a shimmering altar of Xom.
  4303 | D:5      | Learned a level 4 spell: Iskenderun's Mystic Blast
  4544 | D:7      | Reached XP level 8. HP: 49/52 MP: 13/13
  4566 | D:7      | Reached skill level 8 in Conjurations
  4609 | D:7      | Paralysed by a giant eyeball for 2 turns
  4715 | D:7      | Found a staircase to the Ecumenical Temple.
  4720 | Temple   | Entered the Ecumenical Temple
  4928 | Temple   | Became a worshipper of Vehumet
  5168 | D:7      | Found a sand-covered staircase.
  5180 | Ossuary  | Entered an ossuary
  5184 | Ossuary  | Identified a scroll of acquirement
  5655 | Ossuary  | Acquired Vehumet's first power
  5655 | Ossuary  | Offered knowledge of Shock by Vehumet.
  5694 | Ossuary  | Reached skill level 9 in Conjurations
  6238 | D:7      | Learned a level 1 spell: Shock
  6266 | D:7      | Noticed a yak
  6281 | D:7      | Noticed a yak
  6281 | D:7      | Noticed a yak
  6282 | D:7      | Noticed a yak
  6282 | D:7      | Noticed a yak
  6284 | D:7      | Noticed a yak
  6284 | D:7      | Killed a yak
  6284 | D:7      | Reached skill level 1 in Air Magic
  6342 | D:7      | Killed a yak
  6342 | D:7      | Reached XP level 9. HP: 24/57 MP: 10/14
  6781 | D:7      | Killed a yak
  6811 | D:7      | Killed a yak
  6812 | D:7      | Killed a yak
  6816 | D:7      | Slain by a yak

Action                   |  1- 3 |  4- 6 |  7- 9 || total
-------------------------+-------+-------+-------++-------
Melee: Unarmed           |     7 |     8 |       ||    15
       Short sword       |       |    45 |   168 ||   213
 Cast: Magic Dart        |    63 |    44 |     8 ||   115
       Searing Ray       |     5 |    17 |    63 ||    85
       Iskenderun's Myst |       |       |     7 ||     7
 Abil: End Transformatio |       |       |     1 ||     1
       Bat Form          |       |       |     1 ||     1
Evoke: Wand              |       |     7 |     2 ||     9
  Use: Potion            |     1 |     3 |     5 ||     9
       Scroll            |       |       |    24 ||    24
 Stab: Sleeping          |       |     2 |     3 ||     5
